 Dungeon Crawl Stone Soup version 0.28.0-53-g5a82cb258f (webtiles) character file.

Game seed: 8200358487683889802

111 Condegh the Digger (level 4, -2/26 HPs)
             Began as a Gargoyle Earth Elementalist on July 30, 2022.
             Slain by a river rat (4 damage)
             ... in a sewer.
             The game lasted 00:16:10 (2402 turns).

Condegh the Digger (Gargoyle Earth Elementalist)    Turns: 2402, Time: 00:16:10

Health: -2/26      AC:  5    Str: 12    XL:     4   Next: 92%
Magic:  2/8        EV: 12    Int: 17    God:
Gold:   107        SH:  0    Dex: 10    Spells: 4/8 levels left

rFire   . . .      SeeInvis .   e - +0 mace
rCold   . . .      Faith    .   (no shield)
rNeg    + . .      Spirit   .   b - +0 robe
rPois   ∞          Reflect  .   (no helmet)
rElec   +          Harm     .   (no cloak)
rCorr   .          Rampage  .   (no gloves)
Will    .....                   (no boots)
Stlth   +.........              (no amulet)
HPRegen 0.08/turn               (no ring)
MPRegen 0.11/turn               (no ring)

@: very slow
A: sickness immunity, AC +3, negative energy resistance 1, electricity
resistance, torment resistance 1, petrification resistance
a: no special abilities


You were in a sewer.
You visited 1 branch of the dungeon, and saw 3 of its levels.
You also visited: Sewer.

You collected 107 gold pieces.

Inventory:

Hand Weapons
 a - a +0 dagger
 e - a +0 mace (weapon)
Armour
 b - a +0 robe (worn)
Scrolls
 c - a scroll of noise
 d - a scroll of fog
 f - a scroll of amnesia
 g - a scroll of torment
 k - a scroll of teleportation {unknown}
 l - a scroll of vulnerability {unknown}
Potions
 h - a potion of mutation


   Skills:
 - Level 2.0 Fighting
 + Level 1.5 Maces & Flails
 - Level 2.0 Dodging
 - Level 2.1 Stealth
 + Level 2.7 Spellcasting
 + Level 1.1 Conjurations
 - Level 0.7 Transmutations
 + Level 4.4 Earth Magic


You had 4 spell levels left.
You knew the following spells:

 Your Spells              Type           Power      Damage    Failure   Level
a - Sandblast             Erth           34%        2d9       3%          1
b - Stone Arrow           Conj/Erth      22%        3d8       17%         3

Your spell library contained the following spells:

 Spells                   Type           Power      Damage    Failure   Level
 Passwall                 Tmut/Erth      8%         N/A       10%         2
 Slow                     Hex            8%         N/A       19%         1
 Confusing Touch          Hex            2%         N/A       47%         3
 Vampiric Draining        Necr           2%         2d6       47%         3
 Petrify                  Tmut/Erth      10%        N/A       54%         4


Dungeon Overview and Level Annotations

Branches:
Dungeon (3/15)              Sewer (1/1)

Altars:


Innate Abilities, Weirdness & Mutations

You are immune to sickness and miasma.
Your stone body is resilient. (AC +3)
You are immune to poison.
You resist negative energy. (rN+)
You are resistant to electric shocks. (rElec)
You are resistant to unholy torment.
You are immune to petrification.


Message History

Aiming: Stone Arrow (quite dangerous; 17% risk of failure)
Press: ? - help, Shift-Dir - straight line, f/p - river rat
Aim: a river rat (64% to hit)
You miscast Stone Arrow.
You are very lightly contaminated with residual magic.
Nothing appears to happen.
The river rat bites you. The river rat closely misses you.
As you read the scroll labelled JIPIVVA DAKU, it crumbles to dust.
It is a scroll of identify.
h - a potion of mutation The river rat closely misses you.
The river rat barely misses you.
As you read the scroll of identify, it crumbles to dust.
c - a scroll of noise The river rat bites you but does no damage.
The river rat completely misses you.
As you read the scroll of identify, it crumbles to dust.
d - a scroll of fog The river rat bites you.
* * * LOW HITPOINT WARNING * * *
The river rat closely misses you.
As you read the scroll of identify, it crumbles to dust.
g - a scroll of torment The river rat bites you.
* * * LOW HITPOINT WARNING * * *
The river rat bites you but does no damage.
Blink to where?
Press: ? - help, Dir - move target, p - river rat
As you read the scroll labelled SIRHASOCEH, it crumbles to dust.
It was a scroll of blinking.
You enter the shallow water.
Moving in this stuff is going to be slow.
Your magical contamination has completely faded away.
The river rat twitches its whiskers.
The river rat closely misses you.
The river rat bites you but does no damage.
The river rat closely misses you.
You enter the shallow water.
Moving in this stuff is going to be slow.
The river rat bites you.
You die...

############################
≈≈≈≈≈.≈≈≈≈≈..≈.≈@r≈≈≈≈≈≈≈≈≈≈
≈≈≈≈≈≈≈≈≈≈≈≈≈≈≈≈≈r≈≈≈≈≈≈≈≈≈≈
≈≈≈≈.≈≈≈≈≈≈≈≈..≈.≈≈≈≈≈≈≈≈≈≈≈
##################≈≈≈#######
###### #≈≈≈# #....# #≈≈≈#
#####''#####≈≈≈#
.........†≈.≈≈†.#
.........≈.≈≈≈≈.#


You could see 2 river rats.

Vanquished Creatures
  2 adders
  3 river rats
  A white imp (D:3)
  A worm (D:3)
  A dart slug (D:2)
  7 ball pythons
  2 endoplasms (D:1)
  6 giant cockroaches
  3 goblins
  6 hobgoblins
  3 kobolds
  A quokka (D:3)
  10 bats
  4 frilled lizards
  5 rats
55 creatures vanquished.

Vanquished Creatures (others)
  4 plants (D:1)
4 creatures vanquished.

Grand Total: 59 creatures vanquished

Notes
Turn   | Place    | Note
-------+----------+-------------------------------------------
     0 | D:1      | Condegh the Gargoyle Earth Elementalist began the quest for
                  | the Orb.
     0 | D:1      | Reached XP level 1. HP: 10/10 MP: 3/3
    57 | D:1      | Found a faded altar of an unknown god.
   245 | D:1      | Reached XP level 2. HP: 13/16 MP: 3/5
   481 | D:1      | Reached skill level 1 in Fighting
  1002 | D:2      | Reached skill level 4 in Earth Magic
  1002 | D:2      | Reached XP level 3. HP: 18/20 MP: 2/6
  1269 | D:2      | Learned a level 3 spell: Stone Arrow
  1577 | D:3      | Reached skill level 1 in Maces & Flails
  1618 | D:3      | Reached XP level 4. HP: 16/25 MP: 2/7
  1835 | D:3      | Found a glowing drain.
  1930 | Sewer    | Entered a sewer
  2152 | Sewer    | Reached skill level 1 in Conjurations
  2391 | Sewer    | HP: 1/26 [river rat (6)]
  2402 | Sewer    | Slain by a river rat

Illustrated notes

Levels and vault maps discovered:
D:1:      ncdulo_smallfort, layout_basic, shapermc_ecumenical_altar_flowoftime
D:2:      layout_basic
D:3:      layout_rooms, portal_sewer_entry_b, kennysheep_path_1
Sewer:    sewer_fruit_machine

Skill      XL: |  1  2  3  4 |
---------------+-------------+-----
Fighting       | 1 2 |  2.0
Earth Magic    | 4 |  4.4
Dodging        | 2 |  2.0
Maces & Flails | 1 |  1.5
Conjurations   | 1 |  1.1
Stealth        | |  2.1
Spellcasting   | |  2.7
Transmutations | |  0.7

Action                   |  1- 3 |  4- 6 || total
-------------------------+-------+-------++-------
Melee: Dagger            |    37 |       ||    37
       Punch             |     1 |     1 ||     2
       Mace              |    38 |    55 ||    93
 Cast: Sandblast         |    26 |     6 ||    32
       Stone Arrow       |       |     5 ||     5
  Use: Scroll            |       |     6 ||     6
 Stab: Sleeping          |     3 |       ||     3
Armor: Robe              |    17 |    34 ||    51
Dodge: Dodged            |    33 |    58 ||    91
